 Dungeon Crawl Stone Soup version 0.29-a0-286-g41199d4a87 (webtiles) character file.

Game seed: 10989770812304631140

347 Dabor the Covered (level 6, -7/39 HPs)
             Began as a Gargoyle Fighter on Mar 16, 2022.
             Was an Initiate of Hepliaklqana.
             Killed by an exploding scorpion simulacrum (14 damage)
             ... ignited by their inner flame
             ... on level 4 of the Dungeon.
             The game lasted 00:05:40 (3489 turns).

Dabor the Covered (Gargoyle Fighter)                Turns: 3489, Time: 00:05:41

Health: -7/39      AC: 17    Str: 21    XL:     6   Next: 59%
Magic:  6/6        EV:  8    Int:  9    God:    Hepliaklqana [......]
Gold:   234        SH:  4    Dex:  9    Spells: 5/5 levels left

rFire   + . .      SeeInvis +   m - +0 mace (venom)
rCold   . . .      Faith    .   c - +0 buckler
rNeg    + . .      Spirit   .   r - +3 chain mail
rPois   ∞          Reflect  .   (no helmet)
rElec   +          Harm     .   (no cloak)
rCorr   .          Rampage  .   (no gloves)
Will    .....                   (no boots)
Stlth   ..........              q - amulet of regeneration
HPRegen 0.93/turn               u - ring of see invisible
MPRegen 0.10/turn               v - ring of protection from fire

@: no status effects
A: sickness immunity, AC +4, negative energy resistance 1, electricity
resistance, torment resistance 1, petrification resistance
a: Renounce Religion


You were on level 4 of the Dungeon.
You worshipped Hepliaklqana.
Hepliaklqana was noncommittal.
You visited 1 branch of the dungeon, and saw 4 of its levels.

You collected 234 gold pieces.

Inventory:

Hand Weapons
 a - a +0 flail
 m - a +0 mace of venom (weapon)
Armour
 b - a +0 scale mail
 c - a +0 buckler (worn)
 r - a +3 chain mail (worn)
Jewellery
 q - an amulet of regeneration (around neck)
 u - a ring of see invisible (left hand)
 v - a ring of protection from fire (right hand)
Wands
 w - a wand of flame (18)
Scrolls
 g - a scroll of immolation
 i - 2 scrolls of noise
 j - 2 scrolls of identify
 o - a scroll of magic mapping
 p - a scroll of enchant armour {unknown}
 t - a scroll of teleportation {unknown}
Potions
 d - a potion of might
 e - a potion of brilliance
 h - a potion of magic {unknown}
 k - a potion of haste {unknown}
 l - 2 potions of curing {unknown}
 n - a potion of degeneration {unknown}
 s - a potion of lignification {unknown}


   Skills:
 * Level 4.6 Fighting
 * Level 3.5 Maces & Flails
 * Level 4.6 Armour
 * Level 2.3 Dodging
 - Level 3.2 Shields
 + Level 1.2 Invocations
 + Level 0.9 Evocations


You had 5 spell levels left.
You didn't know any spells.
Your spell library contained the following spells:

 Spells                   Type           Power      Damage    Failure   Level
 Static Discharge         Conj/Air       0%         N/A       100%        2
 Gell's Gravitas          Tloc           0%         N/A       100%        3
 Teleport Other           Tloc           0%         N/A       100%        3
 Lightning Bolt           Conj/Air       0%         1d11      100%        5
 Dispersal                Tloc           0%         N/A       100%        6
 Maxwell's Capacitive Co  Air            0%         ∞         100%        8


Dungeon Overview and Level Annotations

Branches:
Dungeon (4/15)
 Temple: D:4-7

Altars:
Hepliaklqana
Makhleb
Ru
Vehumet


Innate Abilities, Weirdness & Mutations

You are immune to sickness and miasma.
Your stone body is resilient. (AC +4)
You are immune to poison.
You resist negative energy. (rN+)
You are resistant to electric shocks. (rElec)
You are resistant to unholy torment.
You are immune to petrification.


Message History

Okay, then.
Really read the scroll of immolation?
As you read the scroll of immolation, it crumbles to dust.
The creatures around you are filled with an inner flame!
Aiming: Throw Flame
Press: ? - help, Shift-Dir - straight line, f/p - 1Viktor's ghost
Aim: 1Viktor's ghost (inner flame, 72% to hit)
The puff of flame hits 1Viktor's ghost but does no damage.
You thump 1Viktor's ghost!
Flame seeps out of 1Viktor's ghost. 1Viktor's ghost is lightly damaged. 1Viktor's ghost is engulfed in blazing flames.
Flame seeps out of 1Viktor's ghost. 1Viktor's ghost hits you.
You hit 1Viktor's ghost.
Flame seeps out of 1Viktor's ghost. 1Viktor's ghost is heavily damaged. 1Viktor's ghost is engulfed in blazing flames.
Flame seeps out of 1Viktor's ghost. 1Viktor's ghost hits you!
The white imp gestures at you. The puff of frost hits you.
You hit 1Viktor's ghost.
Flame seeps out of 1Viktor's ghost. 1Viktor's ghost is heavily damaged. 1Viktor's ghost is engulfed in blazing flames.
Flame seeps out of 1Viktor's ghost. 1Viktor's ghost closely misses you.
The white imp hits you but does no damage.
You hit 1Viktor's ghost.
Flame seeps out of 1Viktor's ghost. 1Viktor's ghost is almost destroyed. 1Viktor's ghost is engulfed in blazing flames. 1Viktor's ghost explodes!
The fiery explosion engulfs you! You resist.
The fiery explosion engulfs the white imp!!
The white imp is burned terribly!
The fiery explosion engulfs the adder simulacrum!!!
The adder simulacrum melts!
The adder simulacrum vaporises!
The white imp explodes!
The fiery explosion engulfs you! You resist.
* * * LOW HITPOINT WARNING * * *
The fiery explosion engulfs the scorpion simulacrum!!!
The scorpion simulacrum melts!
The scorpion simulacrum explodes!
The fiery explosion engulfs you! You resist.
You die...

# .. #. ### .####..###
".Z......## .. #..Z.....#
... ......#..##.... ..
|.=Z. #§§#...... .... ..#
.... ##○§#...... ....
#..##$$###@§§#......
.....#...####..§§##......
. ... #.........§#......#
......#.........##......#
....#.##.......##.)......
.......###'''###..#
.................##
#....##...)......### ...
#............##


There were no monsters in sight!

Vanquished Creatures
  The ghost of 1Viktor the Chopper, an amateur HOFi of Beogh (D:4)
  A gnoll sergeant (D:4)
  A scorpion (D:4)
  An orc priest (D:4)
  Jessica (D:2)
  2 scorpion simulacra (D:4)
  4 gnolls
  3 adders
  A white imp (D:4)
  3 dart slugs
  An adder simulacrum (D:4)
  7 orcs (D:4)
  3 bats
  6 endoplasms
  A giant cockroach (D:1)
  8 goblins
  12 hobgoblins
  4 kobolds
  7 quokkas
  10 ball pythons
  2 frilled lizards
  3 rats
82 creatures vanquished.

Notes
Turn   | Place    | Note
-------+----------+-------------------------------------------
     0 | D:1      | Dabor the Gargoyle Fighter began the quest for the Orb.
     0 | D:1      | Reached XP level 1. HP: 14/14 MP: 1/1
    75 | D:1      | Reached XP level 2. HP: 12/19 MP: 2/2
   226 | D:1      | Found a faded altar of an unknown god.
   561 | D:1      | Reached XP level 3. HP: 23/23 MP: 3/3
   957 | D:1      | Reached skill level 1 in Dodging
  1094 | D:1      | Prayed at the altar of an unknown god.
  1094 | D:1      | Became a worshipper of Vehumet
  1094 | D:1      | Reached * piety under Vehumet
  1094 | D:1      | Offered knowledge of Foxfire by Vehumet.
  1095 | D:1      | Fell from the grace of Vehumet
  1330 | D:2      | Noticed Jessica
  1342 | D:2      | Killed Jessica
  1343 | D:2      | Reached XP level 4. HP: 22/29 MP: 4/4
  3015 | D:4      | Found a hazy altar of Hepliaklqana.
  3023 | D:4      | Found a burning altar of Makhleb.
  3025 | D:4      | Found a sacrificial altar of Ru.
  3043 | D:4      | Became a worshipper of Hepliaklqana the Forgotten
  3167 | D:4      | Reached XP level 5. HP: 33/33 MP: 5/5
  3295 | D:4      | Reached XP level 6. HP: 23/39 MP: 6/6
  3333 | D:4      | Reached skill level 1 in Invocations
  3381 | D:4      | Found a runed translucent gate.
  3381 | D:4      | Found a runed translucent gate.
  3381 | D:4      | Found a runed translucent gate.
  3478 | D:4      | Noticed 1Viktor's ghost (amateur HOFi)
  3489 | D:4      | Killed 1Viktor's ghost
  3489 | D:4      | Killed by an exploding scorpion simulacrum... ignited by
                  | their inner flame

Illustrated notes

Levels and vault maps discovered:
D:1:      saegor_arrival_simple_b, layout_basic, basic_ecumenical_altar,
          supply_closet_lemuel
D:2:      layout_basic, fountainhead, minmay_fountain_box, uniq_jessica
D:3:      layout_basic, serial_aquarium, aquarium_bridge_long_separate
          [aquarium_subvault_balcony, aquarium_subvault_bridge,
          aquarium_subvault_bridge, aquarium_subvault_balcony,
          aquarium_subvault_bridge, aquarium_subvault_window],
          aquarium_window_fake, aquarium_window_fake, aquarium_view_2d,
          aquarium_view_2c, aquarium_balcony_5b, aquarium_pool_side
D:4:      layout_cave_pods, grunt_temple_overflow_open, gammafunk_ghost_icy,
          kennysheep_diamond, hangedman_decor_growths

Skill      XL: |  1  2  3  4  5  6 |
---------------+-------------------+-----
Dodging        | 1 2 |  2.3
Fighting       | 4 |  4.6
Armour         | 4 |  4.6
Maces & Flails | 3 |  3.5
Invocations    | 1 |  1.2
Shields        | |  3.2
Evocations     | |  0.9

Action                   |  1- 3 |  4- 6 || total
-------------------------+-------+-------++-------
Melee: Flail             |    60 |       ||    60
       Mace              |    36 |   119 ||   155
Invok: Renounce Religion |     1 |       ||     1
Evoke: Wand              |       |     2 ||     2
  Use: Scroll            |       |     4 ||     4
       Potion            |       |     1 ||     1
Armor: Scale mail        |    42 |    18 ||    60
       Chain mail        |       |    55 ||    55
Dodge: Dodged            |    49 |    50 ||    99
Block: Buckler           |    15 |    30 ||    45

Table legend: (Time is in decaauts)
 A = Elapsed time spent in this place.
 B = Non-inter-level travel time spent in this place.
 C = Inter-level travel time spent in this place.
 D = Time resting spent in this place.
 E = Time spent auto-exploring this place.
 F = Levels seen in this place.
 G = Mean time per level.
                   A        B        C        D        E       F      G
               +--------+--------+--------+--------+--------+-----+--------+
         Total |   3555 |   3306 |    249 |      5 |   2648 |   4 |  888.8 |
       Dungeon |   3555 |   3306 |    249 |      5 |   2648 |   4 |  888.8 |
               +--------+--------+--------+--------+--------+-----+--------+

Top non-repeatable levels by time:
     D:1: 1153 daAuts
     D:2: 960 daAuts
     D:3: 904 daAuts
     D:4: 537 daAuts
